AoeStats
← Do Not Flush

Coastal Forest

510728708Analyzed
2v2 RM · 7h ago on Oct 2, 2026· 29m 46s· 4 players
Game mode
Random Map
Map size
Medium (4 player)
Population
200
Speed
Normal
Resources
Standard
Victory
Conquest
Starting age
Dark Age
Ending age
Imperial Age
RankedLock teamsTeams togetherTeam positionsShared explorationLock speedFull tech treeHidden civsTurbo modeCheats
Victory
Defeat
🇬🇧 Saxons · United Kingdom
1154
+13
🇬🇧 Varangians · United Kingdom
1143
+14
🇹🇷 Persians · Türkiye
1100
-14
🇦🇺 Burmese · Australia
1086
-13
ıl MT lı
4:39 Loom
11:01 Feudal Age
11:52 Double-Bit Axe
16:32 Castle Age
15:16 Gold Mining
20:06 Scale Barding Armor
20:14 Man-at-Arms
22:54 Wheelbarrow
25:35 Hand Cart
25:13 Stone Mining
27:07 Stone Shaft Mining
26:47 Bow Saw
26:16 Long Swordsman
28:27 Gold Shaft Mining
28:32 Stone Shaft Mining
28:22 Scale Mail Armor
Rogue
10:29 Feudal Age
11:58 Wheelbarrow
11:10 Loom
14:20 Horse Collar
15:54 Forging
21:08 Castle Age
19:33 Stone Mining
22:24 Gold Mining
21:58 Man-at-Arms
22:24 Gambesons
22:53 Gambesons
23:53 Squires
24:32 Scale Mail Armor
24:45 Long Swordsman
25:43 Arson
26:17 Chain Mail Armor
27:27 Iron Casting
Do Not Flush
9:33 Loom
11:21 Feudal Age
12:52 Double-Bit Axe
16:38 Castle Age
14:45 Horse Collar
16:44 Scale Mail Armor
16:55 Forging
19:53 Wheelbarrow
21:37 Bow Saw
22:30 Squires
22:21 Gambesons
22:24 Arson
24:23 Chain Mail Armor
25:06 Hand Cart
26:37 Fletching
27:33 Heavy Plow
Hogshine
9:19 Loom
11:05 Feudal Age
16:16 Castle Age
17:09 Scale Mail Armor
18:15 Chain Mail Armor
18:14 Squires
21:52 Fletching
22:28 Fishing Lines
23:28 Double-Bit Axe
24:34 Scale Barding Armor
24:34 Horse Collar
30:00 Gillnets
Connection lost

Rejoining the realm…

Still unreachable

The connection could not be restored.

Session expired

The server has moved on; the page needs a fresh start.